 Dungeon Crawl Stone Soup version 0.31-a0-702-gf82c85558f (webtiles) character file.

Game seed: 4855844615937796889

1124 qw the Skirmisher (level 8, 0/49 HPs)
             Began as a Gargoyle Hunter on Sept 8, 2023.
             Slain by a killer bee (5 damage)
             ... on level 6 of the Dungeon.
             The game lasted 00:01:41 (4316 turns).

qw the Skirmisher (Gargoyle Hunter)                 Turns: 4316, Time: 00:01:41

Health: 0/49       AC: 13    Str: 15    XL:     8   Next: 35%
Magic:  8/8        EV: 11    Int: 10    God:
Gold:   263        SH:  0    Dex: 15    Spells: 7/7 levels left

rFire   . . .        Y - +0 shortbow (elec)
rCold   . . .        (shield currently unavailable)
rNeg    + . .        l - +0 ring mail
rPois   inf          h - +0 helmet
rElec   +            (no cloak)
rCorr   .            (no gloves)
SInv    .            f - +0 pair of boots
Will    .....        (no amulet)
Stlth   +            (no ring)
HPRegen 0.28/turn    (no ring)
MPRegen 0.11/turn

%: no passive effects
@: no status effects
A: sickness immunity, AC +5, negative energy resistance 1, electricity
resistance, torment resistance 1, petrification resistance
a: no special abilities


You were on level 6 of the Dungeon.
You visited 1 branch of the dungeon, and saw 6 of its levels.

You collected 263 gold pieces.


Innate Abilities, Weirdness & Mutations

You are immune to sickness and miasma.
Your stone body is resilient. (AC +5)
You are immune to poison.
You resist negative energy. (rN+)
You are resistant to electric shocks. (rElec)
You are resistant to unholy torment.
You are immune to petrification.


   Skills:
 - Level 5.1 Fighting
 + Level 8.7 Ranged Weapons
 - Level 3.2 Armour
 - Level 2.3 Dodging
 - Level 1.1 Stealth


You had 7 spell levels left.
You didn't know any spells.
Your spell library was empty.

Inventory:

Hand Weapons
 Y - a +0 shortbow of electrocution (weapon)
Armour
 f - a +0 pair of boots (worn)
 h - a +0 helmet (worn)
 l - a +0 ring mail (worn)
Scrolls
 e - a scroll of identify
 i - a scroll of enchant weapon {unknown}
 m - a scroll of revelation {unknown}
Potions
 a - a potion of resistance
 c - a potion of invisibility {unknown}
 d - a potion of cancellation {unknown}
 g - a potion of haste
 j - a potion of enlightenment
 k - a potion of magic {unknown}

Dungeon Overview and Level Annotations

Branches:
Dungeon (6/15)
 Temple: D:4-7

Altars:
Trog

Annotations:
D:6 Blork the orc


Message History

The killer bee stings you but does no damage. x2
Blork the orc looks angry.
You shoot an arrow.
The arrow closely misses the killer bee.
The arrow barely misses the killer bee.
The killer bee barely misses you. The killer bee closely misses you. x3
You shoot an arrow. The arrow hits the killer bee!
Lightning courses through the killer bee!
You kill the killer bee!
The killer bee completely misses you.
The killer bee stings you but does no damage. x2
You shoot an arrow. The arrow misses the killer bee.
The killer bee barely misses you.
The killer bee stings you but does no damage.
The killer bee closely misses you. The killer bee stings you.
You shoot an arrow. The arrow hits the killer bee.
The killer bee is moderately wounded.
The killer bee stings you. The killer bee barely misses you.
The killer bee misses you.
The killer bee stings you but does no damage.
The killer bee stings you.
The killer bee stings you but does no damage.
You shoot an arrow. The arrow hits the killer bee.
Lightning courses through the killer bee!
You kill the killer bee!
The killer bee misses you. The killer bee stings you.
Blork the orc mumbles some strange words.
Blork the orc seems to speed up.
The killer bee misses you. The killer bee stings you.
You shoot an arrow. The arrow barely misses the killer bee.
The killer bee stings you but does no damage.
The killer bee closely misses you. The killer bee misses you.
The killer bee closely misses you.
4316 |||
Found retreat position at -1,1 (killer bee; floor) with 0 blocking monsters and 1 monsters attacking at destination at distance 1 You shoot an arrow.
The arrow barely misses the killer bee.
The killer bee stings you but does no damage.
The killer bee barely misses you.
Blork the orc casts a cantrip, but nothing happens.
The killer bee closely misses you. The killer bee stings you.
You die...

# # # # # # ### #
#####.## # ##@##.#.## #
##y#yo###.## #
7###.#...####.# #
77.........##.## #
77.......#<.#.###########
7..####......[..........>
#.......#
##.###.#####.......
#.##....#
#######.....#.######
......# #........##...#


You could see Blork the orc (fast) and 2 killer bees.

Vanquished Creatures
  Edmund (D:5)
  A black bear (D:5)
  An ice beast (D:5)
  A phantom (D:6)
  3 scorpions
  3 killer bees (D:6)
  3 hounds
  A gnoll bouda (D:4)
  Jessica (D:2)
  2 iguanas
  2 orc wizards (D:5)
  4 gnolls (D:4)
  5 adders
  A shadow imp (D:6)
  A white imp (D:6)
  An ufetubus (D:4)
  13 orcs
  6 bats
  7 endoplasms
  5 giant cockroaches
  6 goblins
  A hobgoblin (D:3)
  3 jackals
  8 kobolds
  8 quokkas
  10 ball pythons
  4 frilled lizards
  4 rats
106 creatures vanquished.

Notes
Turn   | Place    | Note
-------+----------+-------------------------------------------
     0 | D:1      | qw the Gargoyle Hunter began the quest for the Orb.
     0 | D:1      | Reached XP level 1. HP: 12/12 MP: 1/1
     0 | D:1      | 0 ||| qw: Version: 0.3-a-76-g4403597
     0 | D:1      | 0 ||| qw: Game counter: 1238
     0 | D:1      | 0 ||| qw: Melee chars always use a shield: true
     0 | D:1      | 0 ||| qw: God list: Okawaru
     0 | D:1      | 0 ||| qw: Allow faded altars: false
     0 | D:1      | 0 ||| qw: Do Orc after clearing Dungeon:15 true
     0 | D:1      | 0 ||| qw: Do second Lair branch before Depths: true
     0 | D:1      | 0 ||| qw: Lair rune preference: random
     0 | D:1      | 0 ||| qw: Goals: Normal
     0 | D:1      | 0 ||| PLANNING D:1-11
   150 | D:1      | Reached XP level 2. HP: 17/17 MP: 2/2
   417 | D:1      | Reached XP level 3. HP: 20/21 MP: 3/3
   425 | D:1      | 425 ||| UPGRADING to +0 pair of boots.
   430 | D:1      | 430 ||| UPGRADING to +1 robe of positive energy.
   440 | D:1      | 440 ||| READING scroll labelled JEOLE RENETZ.
   441 | D:1      | 441 ||| READING scroll labelled SESODUNN OZOAW.
   442 | D:1      | 442 ||| READING scroll labelled NUT DICSUEGAV.
   443 | D:1      | 443 ||| DRINKING 2 clear potions.
   444 | D:1      | 444 ||| DROPPING scroll of butterflies.
   445 | D:1      | 445 ||| DROPPING potion of degeneration.
   503 | D:2      | Reached skill level 5 in Ranged Weapons
   718 | D:2      | Noticed Jessica
   721 | D:2      | Killed Jessica
   722 | D:2      | Reached skill level 3 in Fighting
   722 | D:2      | Reached XP level 4. HP: 28/28 MP: 4/4
  1281 | D:2      | 1281 ||| DROPPING +0 leather armour.
  1282 | D:2      | 1282 ||| UPGRADING to +0 helmet.
  1287 | D:2      | 1287 ||| UPGRADING to +0 ring mail.
  1297 | D:2      | 1297 ||| DROPPING +1 robe of positive energy.
  1298 | D:2      | 1298 ||| READING scroll labelled PAOPRI CU JYAL.
  1299 | D:2      | 1299 ||| READING scroll labelled PEWNUC FOUMOE.
  1302 | D:2      | 1302 ||| READING scroll labelled PAMUEMULAPP.
  1348 | D:3      | 1348 ||| Stepping ~*~*~tactically~*~*~ (water).
  1350 | D:3      | 1350 ||| Stepping ~*~*~tactically~*~*~ (water).
  1722 | D:3      | Reached skill level 1 in Armour
  1781 | D:3      | Found a bloodstained altar of Trog.
  2286 | D:3      | 2286 ||| READING scroll labelled OZUEBEJ YNWULA.
  2287 | D:3      | 2287 ||| DRINKING 2 lumpy puce potions.
  2300 | D:4      | 2300 ||| STAIRDANCE
  2312 | D:4      | 2312 ||| STAIRDANCE
  2363 | D:4      | Reached XP level 5. HP: 32/32 MP: 5/5
  2555 | D:4      | Reached skill level 6 in Ranged Weapons
  2565 | D:4      | Reached XP level 6. HP: 28/38 MP: 6/6
  3286 | D:4      | 3286 ||| READING scroll labelled QAYTHRAAGEXT.
  3287 | D:4      | 3287 ||| DRINKING 2 fuming green potions.
  3322 | D:4      | 3322 ||| DRINKING 2 purple potions.
  3323 | D:4      | 3323 ||| READING 2 scrolls of identify.
  3323 | D:4      | 3323 ||| IDENTIFYING bubbling orange potion
  3324 | D:4      | 3324 ||| DROPPING potion of lignification.
  3325 | D:4      | 3325 ||| DROPPING potion of attraction.
  3353 | D:5      | Entered Level 5 of the Dungeon
  3354 | D:5      | 3354 ||| PLANNING SEWER
  3368 | D:5      | 3368 ||| STAIRDANCE
  3437 | D:5      | Noticed an ice beast
  3447 | D:5      | Killed an ice beast
  3448 | D:5      | Reached skill level 7 in Ranged Weapons
  3507 | D:5      | Noticed Edmund
  3524 | D:5      | HP: 7/38 [Edmund/+1 flail of protection (6)]
  3525 | D:5      | Killed Edmund
  3526 | D:5      | Reached skill level 3 in Armour
  3526 | D:5      | Reached XP level 7. HP: 9/43 MP: 7/7
  3531 | D:5      | HP: 8/43 [something (3)]
  3848 | D:5      | Reached skill level 8 in Ranged Weapons
  3852 | D:5      | Identified the +4 trident of Sunlight {flame, rElec rPois
                  | rF+ rC+}
  3958 | D:5      | 3958 ||| RIP SEWER
  3963 | D:5      | 3963 ||| PLANNING D:1-11
  4070 | D:5      | 4070 ||| DRINKING 2 metallic white potions.
  4071 | D:5      | 4071 ||| READING 2 scrolls of identify.
  4071 | D:5      | 4071 ||| IDENTIFYING yellow potion
  4096 | D:6      | Reached XP level 8. HP: 49/49 MP: 8/8
  4162 | D:6      | 4162 ||| Stepping ~*~*~tactically~*~*~ (outnumbered).
  4282 | D:6      | Noticed Blork the orc
  4295 | D:6      | 4295 ||| Stepping ~*~*~tactically~*~*~ (retreating).
  4296 | D:6      | 4296 ||| Stepping ~*~*~tactically~*~*~ (retreating).
  4297 | D:6      | 4297 ||| Stepping ~*~*~tactically~*~*~ (retreating).
  4298 | D:6      | 4298 ||| Stepping ~*~*~tactically~*~*~ (retreating).
  4299 | D:6      | 4299 ||| Stepping ~*~*~tactically~*~*~ (retreating).
  4303 | D:6      | 4303 ||| Stepping ~*~*~tactically~*~*~ (retreating).
  4304 | D:6      | 4304 ||| Stepping ~*~*~tactically~*~*~ (retreating).
  4306 | D:6      | 4306 ||| Stepping ~*~*~tactically~*~*~ (retreating).
  4306 | D:6      | HP: 10/49 [killer bee (6)]
  4307 | D:6      | 4307 ||| DRINKING potion of heal wounds.
  4313 | D:6      | HP: 11/49 [killer bee (6)]
  4314 | D:6      | HP: 4/49 [killer bee (2)]
  4316 | D:6      | Slain by a killer bee

Levels and vault maps discovered:
D:1:      enne_arrival_octagon_isle, layout_rooms, minmay_worlds_worst_comb
D:2:      layout_basic, uniq_jessica
D:3:      layout_basic, trog_butcher_becter, grunt_ministairs_2,
          serial_bayou_ford_a
D:4:      layout_basic, hangedman_abyss_or_decor_passed, minivault_5
D:5:      layout_rooms, portal_sewer_entry_d, uniq_edmund
D:6:      layout_loops_ring, good_gods_temple_1,
          minmay_temple_entry_enclosed_plants, uniq_blork_the_orc

Skill      XL: |  1  2  3  4  5  6  7  8 |
---------------+-------------------------+-----
Ranged Weapons | 5 6 7 8 |  8.7
Fighting       | 3 4 5 |  5.1
Armour         | 1 3 |  3.2
Dodging        | 2 |  2.3
Stealth        | |  1.1

Action                     |  1- 3 |  4- 6 |  7- 9 || total
---------------------------+-------+-------+-------++-------
   Fire: Shortbow          |   106 |   180 |   119 ||   405
    Use: Scroll            |     3 |     6 |     1 ||    10
         Potion            |     1 |     3 |     2 ||     6
 Armour: Leather armour    |    15 |       |       ||    15
         Robe              |    20 |     9 |       ||    29
         Ring mail         |       |    77 |    71 ||   148
  Dodge: Dodged            |    25 |    63 |    63 ||   151

Table legend:
 A = Non-vault XP
 B = Vault XP
 C = Vault XP percentage of total XP
 D = Non-vault monster count
 E = Vault monster count
 F = Vault count percentage of total count
                 A         B        C        D         E       F
            +---------+---------+-------+---------+---------+-------
      Total |    1370 |     236 |  14.7 |      94 |      12 |  11.3
            +---------+---------+-------+---------+---------+-------
        D:1 |      30 |       6 |  16.7 |      18 |       3 |  14.3
        D:2 |      37 |      37 |  50.0 |      16 |       1 |   5.9
        D:3 |      30 |       9 |  23.1 |      11 |       6 |  35.3
        D:4 |     220 |       0 |   0.0 |      20 |       0 |   0.0
        D:5 |     568 |     184 |  24.5 |      19 |       2 |   9.5
        D:6 |     485 |       0 |   0.0 |      10 |       0 |   0.0
            +---------+---------+-------+---------+---------+-------
